 Dungeon Crawl Stone Soup version 0.22.1-2-g9c5b331 (webtiles) character file.

584 mimixer the Chopper (level 7, -2/60 HPs)
             Began as a Minotaur Gladiator on Dec 7, 2018.
             Slain by Edmund
             ... wielding a +4 dire flail of protection
              (13 damage)
             ... on level 4 of the Dungeon.
             The game lasted 00:19:31 (2476 turns).

mimixer the Chopper (Minotaur Gladiator)            Turns: 2476, Time: 00:19:32

Health: -2/60      AC:  5    Str: 20    XL:     7   Next: 14%
Magic:  6/6        EV: 13    Int:  7    God:
Gold:   132        SH:  0    Dex: 12    Spells: 6/6 levels left

rFire    . . .     SeeInvis .   a - +0 war axe
rCold    . . .     Gourm    .   (no shield)
rNeg     . . .     Faith    .   z - +0 leather armour {MR+}
rPois    .         Spirit   .   c - +0 hat
rElec    .         Reflect  .   H - +1 cloak {+Inv}
rCorr    .         Harm     .   (no gloves)
MR       +....                  (no boots)
Stlth    +.........             m - amulet of the acrobat
HPRegen  0.20/turn              u - +2 ring of intelligence
MPRegen  0.10/turn              (no ring)

@: flying
A: retaliatory headbutt, horns 2
a: Evoke Invisibility


You were on level 4 of the Dungeon.
You were not hungry.

You visited 1 branch of the dungeon, and saw 4 of its levels.

You collected 132 gold pieces.

Inventory:

Hand Weapons
 a - a +0 war axe (weapon)
 h - a +1 dagger of speed
 o - a cursed +0 mace
 t - a cursed -3 spear
 F - a +0 dagger of flaming
 G - a +3 quarterstaff of chaos
Missiles
 d - 3 throwing nets (quivered)
 r - 12 tomahawks
Armour
 b - a +0 leather armour
 c - a +0 hat (worn)
 z - a +0 leather armour of magic resistance (worn)
 H - a +1 cloak of invisibility (worn)
Jewellery
 m - an amulet of the acrobat (around neck)
 u - a +2 ring of intelligence (left hand)
Wands
 y - a wand of scattershot (4)
 A - a wand of iceblast (7)
Scrolls
 i - a scroll of immolation {unknown}
 k - 2 scrolls of teleportation {unknown}
 n - 4 scrolls of enchant weapon {unknown}
 p - 2 scrolls of identify {unknown}
 q - 2 scrolls of amnesia {unknown}
 s - a scroll of fear {unknown}
 w - 3 scrolls of remove curse
 C - a scroll of fog {unknown}
 I - a scroll of noise {unknown}
Potions
 e - a potion of magic {unknown}
 g - a potion of heal wounds {unknown}
 j - a potion of flight
 l - a potion of resistance {unknown}
 v - a potion of degeneration {unknown}
 x - 2 potions of curing {unknown}
 B - a potion of might {unknown}
 D - a potion of lignification {unknown}
 E - a potion of berserk rage {unknown}
Comestibles
 f - 4 rations
 J - 3 chunks of flesh


   Skills:
 + Level 4.5 Fighting
 + Level 7.4 Axes
 + Level 2.2 Throwing
 + Level 2.9 Armour
 + Level 4.6 Dodging
 - Level 0.7 Stealth


You had 6 spell levels left.
You didn't know any spells.
Your spell library was empty.

Dungeon Overview and Level Annotations

Branches:
Dungeon (4/15)
 Temple: D:4-7

Altars:
Fedhas
Trog
Uskayaw

Annotations:
D:4 Edmund, Menkaure


Innate Abilities, Weirdness & Mutations

You reflexively headbutt those who attack you in melee.
You have a pair of horns on your head.


Message History

Edmund is severely wounded.
Edmund hits you with a dire flail of protection.
* * * LOW HITPOINT WARNING * * *
You hit Edmund. You headbutt Edmund, but do no damage.
Edmund is severely wounded.
Edmund hits you with a dire flail of protection!
* * * LOW HITPOINT WARNING * * *
You hit Edmund but do no damage. You headbutt Edmund, but do no damage.
Edmund is severely wounded.
Edmund closely misses you. You furiously retaliate!
You headbutt Edmund, but do no damage. You hit Edmund but do no damage.
Edmund is severely wounded.
Edmund barely misses you. You furiously retaliate!
You headbutt Edmund, but do no damage.
It was a potion of flight.
You feel very buoyant.
You fly up into the air.
Edmund hits you with a dire flail of protection!
You die...

.. #. #.# ## #.# .
#.##[# ######. #
#.##.#####....(.. #
#.##.....@@# ####
#.##..###### ...#
#.##..# .[.#
#.##..#####
##†#####..†........
##........#########
##.######†# ##.#
#.## ##.# #.#.#


You could see Edmund.

Vanquished Creatures
  Grinder (D:3)
  A hound (D:4)
  Crazy Yiuf (D:3)
  Ijyb (D:3)
  A worker ant (D:4)
  Natasha (thrice) (D:3)
  6 adders
  3 gnolls (D:3)
  An adder skeleton (D:2)
  3 worms
  2 dart slugs
  2 leopard geckos
  An orc (D:3)
  2 giant cockroaches
  13 goblins
  10 hobgoblins
  20 jackals
  6 kobolds
  3 bats (D:2)
  8 frilled lizards
  6 rats
  3 fungi (D:3)
97 creatures vanquished.

Notes
Turn   | Place    | Note
-------+----------+-------------------------------------------
     0 | D:1      | mimixer the Minotaur Gladiator began the quest for the Orb.
     0 | D:1      | Reached XP level 1. HP: 18/18 MP: 0/0
   106 | D:1      | Reached skill level 4 in Axes
   142 | D:1      | Reached XP level 2. HP: 20/25 MP: 1/1
   474 | D:1      | Reached XP level 3. HP: 29/30 MP: 2/2
   953 | D:2      | Reached XP level 4. HP: 37/37 MP: 3/3
   954 | D:2      | Found a hide-covered altar of Uskayaw.
   954 | D:2      | Found a blossoming altar of Fedhas.
   979 | D:2      | Reached skill level 5 in Axes
  1041 | D:2      | Reached skill level 1 in Armour
  1419 | D:3      | Noticed Ijyb
  1427 | D:3      | Killed Ijyb
  1527 | D:3      | Reached XP level 5. HP: 43/45 MP: 4/4
  1708 | D:3      | Noticed Grinder
  1718 | D:3      | Paralysed by Grinder for 7 turns
  1726 | D:3      | Killed Grinder
  1726 | D:3      | Reached skill level 6 in Axes
  1726 | D:3      | Reached XP level 6. HP: 30/52 MP: 5/5
  1873 | D:3      | Noticed Natasha
  1877 | D:3      | Killed Natasha
  1877 | D:3      | Reached skill level 7 in Axes
  1887 | D:3      | Found a bloodstained altar of Trog.
  1973 | D:3      | Noticed Natasha
  1978 | D:3      | Killed Natasha
  2187 | D:3      | Noticed Natasha
  2196 | D:3      | Killed Natasha
  2233 | D:3      | Found a runed door.
  2237 | D:3      | Noticed Crazy Yiuf
  2243 | D:3      | Killed Crazy Yiuf
  2243 | D:3      | Reached XP level 7. HP: 45/60 MP: 6/6
  2351 | D:4      | Noticed Menkaure
  2460 | D:4      | Noticed Edmund
  2476 | D:4      | Slain by Edmund

Skill      XL: |  1  2  3  4  5  6 |
---------------+-------------------+-----
Axes           | 4 5 6 7 |  7.4
Fighting       | 3 4 |  4.5
Armour         | 1 2 |  2.9
Dodging        | 4 |  4.6
Throwing       | |  2.2
Stealth        | |  0.7

Action                   |  1- 3 |  4- 6 |  7- 9 || total
-------------------------+-------+-------+-------++-------
Melee: War axe           |    64 |   125 |    31 ||   220
       Headbutt          |     9 |    24 |     5 ||    38
  Use: Scroll            |       |       |     1 ||     1
       Potion            |       |       |     1 ||     1
 Stab: Sleeping          |     1 |     2 |       ||     3
  Eat: Chunk             |       |     4 |     1 ||     5
Armor: Leather armour    |    12 |    20 |     2 ||    34
Dodge: Dodged            |    43 |   109 |    14 ||   166
